 Dungeon Crawl Stone Soup version 0.17.0-1-g61d176b (webtiles) character file.

9197 andalon the Blocker (level 11, -3/106 HPs)
             Began as a Minotaur Fighter on Nov 7, 2015.
             Was a Believer of Dithmenos.
             Slain by Urug
             ... wielding a +2 great sword of freezing
              (7 damage)
             ... on level 11 of the Dungeon.
             The game lasted 00:51:23 (10190 turns).

andalon the Blocker (Minotaur Fighter)             Turns: 10190, Time: 00:51:23

Health: -3/106     AC: 20    Str: 23    XL:     11   Next: 19%
Magic:  10/10      EV:  9    Int: 13    God:    Dithmenos [**....]
Gold:   712        SH: 15    Dex: 13    Spells: 0 memorised, 10 levels left

rFire  . . .     SeeInvis .     a - +3 war axe
rCold  . . .     Clarity  .     G - +0 plate armour
rNeg   . . .     SustAt   .     c - +2 shield
rPois  .         Gourm    .     (helmet restricted)
rElec  .         Spirit   .     s - +2 cloak {+Inv}
rCorr  .         Warding  .     f - +1 pair of gloves
rMut   .         Stasis   .     (no boots)
MR     .....                    (no amulet)
Stlth  ..........               M - +3 ring of intelligence
                                n - +5 ring of intelligence

@: lethally poisoned (-3 -> -3), wreathed by umbra, not resistant to hostile
enchantments, extremely unstealthy
A: retaliatory headbutt, hooves 1, horns 2, blurry vision 1, robust 1, strong 1
a: Shadow Step, Renounce Religion, Evoke Invisibility


You were on level 11 of the Dungeon.
You worshipped Dithmenos.
Dithmenos was pleased with you.
You were not hungry.

You visited 2 branches of the dungeon, and saw 12 of its levels.

You collected 712 gold pieces.

Inventory:

Hand Weapons
 a - a +3 war axe (weapon)
 j - a +0 blowgun
 q - a +0 hand crossbow
 y - a +2 battleaxe of electrocution
 A - a +0 lajatang
 D - a cursed -3 shortbow
 I - a +2 morningstar of venom
Missiles
 g - 67 poisoned needles
 i - 160 arrows
 o - 9 silver bolts
 v - 4 curare-tipped needles
 C - 64 bolts
Armour
 b - a +0 scale mail
 c - a +2 shield (worn)
 f - a +1 pair of gloves (worn)
 l - a +1 leather armour of poison resistance
 s - a +2 cloak of invisibility (worn)
 G - a +0 plate armour (worn)
 H - the cursed +0 leather armour of Vuatedef {rN+ Str-5 Int+3 Stlth+, unknown}
   (You found it on level 11 of the Dungeon)

   It affects your strength (-5).
   It affects your intelligence (+3).
   It protects you from negative energy.
   It makes you more stealthy.
   It has a curse placed upon it.
Jewellery
 n - a +5 ring of intelligence (left hand)
 r - an uncursed ring of flight
 M - a +3 ring of intelligence (right hand)
 N - an uncursed ring of see invisible {unknown}
 O - a cursed ring of loudness {unknown}
Wands
 K - a wand of teleportation (2)
 R - a wand of magic darts (28)
 S - a wand of cold (1)
Scrolls
 m - 2 scrolls of teleportation
 t - 8 scrolls of remove curse
 x - a scroll of random uselessness
 L - a scroll of recharging
 Q - 3 scrolls of magic mapping
Potions
 d - a potion of might
 k - 3 potions of mutation
 p - a potion of curing
 w - 2 potions of poison
 z - 3 potions of heal wounds
 F - a potion of flight
 P - a potion of magic
Comestibles
 e - 7 bread rations
 h - 7 meat rations
 u - a chunk of flesh
 B - 6 beef jerkies
 E - a slice of pizza
 J - a royal jelly


   Skills:
 + Level 9.1 Fighting
 + Level 10.4 Axes
 + Level 10.1 Armour
 + Level 6.2 Dodging
 + Level 1.5 Stealth
 + Level 11.5 Shields


You had 10 spell levels left.
You didn't know any spells.

Dungeon Overview and Level Annotations

Branches:
Dungeon (11/15)            Temple (1/1) D:7
   Lair: D:8-11         Orc: D:9-12

Altars:
Ashenzari
Cheibriados
Dithmenos
Elyvilon
Fedhas
Gozag
Kikubaaqudgha
Makhleb
Nemelex Xobeh
Okawaru
Qazlal
Ru
Sif Muna
Trog
Vehumet
Xom
Yredelemnul
Zin
The Shining One

Shops:
D:5 !

Annotations:
D:11 Urug


Innate Abilities, Weirdness & Mutations

You reflexively headbutt those who attack you in melee.
You have a pair of horns on your head.
You have large cloven feet.
Scrolls take you a little longer to read.
You are robust (+10% HP).
Your muscles are strong. (Str +2)


Message History

You feel sick.
You hit Urug but do no damage. You headbutt Urug, but do no damage.
Urug is almost dead.
Urug hits you with a great sword of freezing!!
* * * LOW HITPOINT WARNING * * *
Urug freezes you.
* * * LOW HITPOINT WARNING * * *
You closely miss Urug. You kick Urug, but do no damage.
Urug is severely wounded.
Urug closely misses you.
You hit Urug but do no damage. You headbutt Urug.
Urug is severely wounded.
You block Urug's attack.
You slash Urug! Your kick misses Urug.
Urug is almost dead.
You feel sick.
You barely miss Urug. Your kick misses Urug. Your headbutt misses Urug.
Urug is almost dead.
Urug hits you with a great sword of freezing!
You die...

#..'...# #
#..#...#..#...# ....
#..#...+..#...# ....
#####.)#####..#...#.....
......))......##'##.....
........................
......%.................
....######....†o†)......
....# #.....(@.......
....# #(.########....
....# #..# . ....# #..#
....# #..# ....# #..#
....# #..# ....# #..##
##..# #...#


You could see Urug.

Vanquished Creatures
  2 ugly things (D:11)
  An elephant (D:11)
  The ghost of Alg the Conjurer, a novice DECj (D:4)
  A troll (D:10)
  Grinder (D:3)
  10 yaks
  A wyvern (D:5)
  Eustachio (D:6)
  3 vampire mosquitoes (D:11)
  A steam dragon (D:11)
  A hippogriff (D:9)
  Grum (D:11)
  2 wolves (D:11)
  3 sky beasts
  2 black bears (D:8)
  An ice beast (D:5)
  3 orc warriors
  A necrophage (D:7)
  6 ogres
  A phantom (D:10)
  5 centaurs
  A brain worm (D:11)
  A gnoll sergeant (D:11)
  4 scorpions
  3 giant frogs
  15 killer bees
  A wight (D:5)
  A crimson imp (D:8)
  3 giant frog zombies
  A centaur zombie (D:5)
  2 jellies
  6 orc wizards
  Crazy Yiuf (D:4)
  Ijyb (D:2)
  An orc priest (D:10)
  2 centaur skeletons
  5 worker ants
  2 iguanas
  Terence (D:3)
  A giant frog skeleton (D:5)
  6 hounds
  Natasha (D:2)
  A killer bee zombie (D:8)
  A hound zombie (D:10)
  3 hound skeletons
  A worker ant zombie (D:6)
  Robin (D:2)
  5 gnolls
  9 adders
  2 worms
  An adder skeleton (D:4)
  7 giant geckos
  34 orcs
  2 ball pythons
  6 giant cockroaches
  14 goblins
  16 hobgoblins
  14 jackals
  13 kobolds
  4 quokkas
  4 bats
  4 giant newts
  A quokka zombie (D:5)
  10 rats
  3 fungi (D:4)
263 creatures vanquished.

Vanquished Creatures (others)
  A fungus (D:11)
  A plant (D:11)
2 creatures vanquished.

Grand Total: 265 creatures vanquished

Notes
Turn   | Place    | Note
--------------------------------------------------------------
     0 | D:1      | andalon the Minotaur Fighter began the quest for the Orb.
     0 | D:1      | Reached XP level 1. HP: 19/19 MP: 0/0
   166 | D:1      | Reached XP level 2. HP: 24/27 MP: 1/1
   265 | D:1      | Reached skill level 4 in Shields
   650 | D:1      | Reached XP level 3. HP: 33/33 MP: 2/2
   932 | D:1      | Gained mutation: You have large cloven feet. [potion of beneficial mutation]
  1127 | D:2      | Found an ancient bone altar of Kikubaaqudgha.
  1127 | D:2      | Found a basalt altar of Yredelemnul.
  1127 | D:2      | Found a deep blue altar of Sif Muna.
  1272 | D:2      | Noticed Ijyb
  1286 | D:2      | Killed Ijyb
  1286 | D:2      | Reached XP level 4. HP: 36/40 MP: 3/3
  1296 | D:2      | Noticed an orc warrior
  1309 | D:2      | Noticed Natasha
  1310 | D:2      | Noticed Robin
  1317 | D:2      | Reached skill level 1 in Dodging
  1322 | D:2      | Killed Natasha
  1326 | D:2      | Killed Robin
  1387 | D:2      | Reached XP level 5. HP: 40/46 MP: 4/4
  1451 | D:2      | Reached skill level 5 in Shields
  2057 | D:2      | Gained mutation: Your muscles are strong. (Str +2) [potion of mutation]
  2057 | D:2      | Gained mutation: You are robust (+10% HP). [potion of mutation]
  2057 | D:2      | Gained mutation: Scrolls take you a little longer to read. [potion of mutation]
  2142 | D:3      | Noticed Grinder
  2164 | D:3      | Killed Grinder
  2164 | D:3      | Reached skill level 5 in Armour
  2164 | D:3      | Reached XP level 6. HP: 28/58 MP: 5/5
  2387 | D:3      | Found a snail-covered altar of Cheibriados.
  2523 | D:3      | Found a shattered altar of Ashenzari.
  2731 | D:3      | Noticed Terence
  2738 | D:3      | Killed Terence
  2783 | D:3      | Found a radiant altar of Vehumet.
  3008 | D:3      | Reached skill level 6 in Shields
  3243 | D:4      | Reached XP level 7. HP: 61/66 MP: 6/6
  3247 | D:4      | Reached skill level 5 in Fighting
  3538 | D:4      | Noticed Alg's ghost (novice DECj)
  3569 | D:4      | Killed Alg's ghost
  3569 | D:4      | Reached skill level 5 in Axes
  3922 | D:4      | Found a shimmering altar of Xom.
  4097 | D:4      | Found a burning altar of Makhleb.
  4338 | D:4      | Noticed Crazy Yiuf
  4343 | D:4      | Killed Crazy Yiuf
  4343 | D:4      | Reached skill level 7 in Shields
  4372 | D:4      | Reached XP level 8. HP: 69/75 MP: 7/7
  4399 | D:5      | Entered Level 5 of the Dungeon
  4399 | D:5      | Found Ogikoze's Distillery.
  4687 | D:5      | Found a shimmering altar of Xom.
  4687 | D:5      | Found a shimmering altar of Xom.
  4688 | D:5      | Found a shimmering altar of Xom.
  4688 | D:5      | Found a shimmering altar of Xom.
  4688 | D:5      | Found a shimmering altar of Xom.
  4688 | D:5      | Found a shimmering altar of Xom.
  4884 | D:5      | Reached skill level 5 in Dodging
  5191 | D:6      | Noticed Eustachio
  5208 | D:6      | Killed Eustachio
  5208 | D:6      | Reached skill level 8 in Shields
  5399 | D:6      | Found a blossoming altar of Fedhas.
  5557 | D:6      | Found a white marble altar of Elyvilon.
  5630 | D:6      | Reached XP level 9. HP: 71/82 MP: 8/8
  6045 | D:7      | Found a staircase to the Ecumenical Temple.
  6088 | Temple   | Entered the Ecumenical Temple
  6121 | Temple   | Became a worshipper of Dithmenos the Shadowed
  6701 | D:7      | Found a sparkling altar of Nemelex Xobeh.
  6933 | D:7      | Reached skill level 9 in Shields
  7455 | D:8      | Reached skill level 1 in Stealth
  7627 | D:8      | Found a bloodstained altar of Trog.
  7741 | D:8      | Reached * piety under Dithmenos
  7855 | D:8      | Reached skill level 10 in Shields
  8172 | D:9      | Reached XP level 10. HP: 86/94 MP: 9/9
  8257 | D:9      | Found an iron altar of Okawaru.
  8831 | D:10     | Entered Level 10 of the Dungeon
  8844 | D:10     | Reached ** piety under Dithmenos
  9695 | D:11     | Reached skill level 10 in Axes
  9706 | D:11     | Reached skill level 11 in Shields
  9928 | D:11     | Got a spiked leather armour
 10012 | D:11     | Noticed a green ugly thing
 10026 | D:11     | Killed a green ugly thing
 10026 | D:11     | Reached skill level 10 in Armour
 10026 | D:11     | Reached XP level 11. HP: 99/104 MP: 10/10
 10149 | D:11     | Noticed an elephant
 10155 | D:11     | Noticed Urug
 10157 | D:11     | Noticed Grum
 10166 | D:11     | Killed an elephant
 10184 | D:11     | Killed Grum
 10186 | D:11     | HP: 4/106 [Urug/great sword of freezing (5)]
 10190 | D:11     | Slain by Urug

Action                   |  1- 3 |  4- 6 |  7- 9 | 10-12 || total
-------------------------+-------+-------+-------+-------++-------
Melee: War axe           |    93 |   165 |   344 |   223 ||   825
Evoke: Wand              |       |       |       |     1 ||     1
  Use: Scroll            |     5 |     6 |     5 |     3 ||    19
       Potion            |     4 |     3 |     7 |       ||    14
  Eat: Chunk             |     1 |     3 |     7 |     3 ||    14
       Bread ration      |       |     1 |     1 |     1 ||     3
       Meat ration       |       |       |     1 |       ||     1
       Beef jerky        |       |       |     1 |       ||     1
